 Dungeon Crawl Stone Soup version 0.21-a0-498-g1b60429 (webtiles) character file.

296 tof the Slasher (level 6, -1/48 HPs)
             Began as a Demonspawn Berserker on Nov 24, 2017.
             Was a Believer of Trog.
             Slain by a hornet (9 damage)
             ... on level 4 of the Dungeon.
             The game lasted 00:03:08 (2994 turns).

tof the Slasher (Demonspawn Berserker)              Turns: 2994, Time: 00:03:09

Health: -1/48      AC:  7    Str: 19    XL:     6   Next: 12%
Magic:  6/6        EV: 12    Int:  8    God:    Trog [**....]
Gold:   172        SH:  0    Dex: 15    Spells: 5/5 levels left

rFire    . . .     SeeInvis .   a - +0 falchion
rCold    . . .     Gourm    .   (no shield)
rNeg     + . .     Faith    .   s - +0 ring mail
rPois    .         Spirit   .   (no helmet)
rElec    .         Reflect  .   (no cloak)
rCorr    .         Harm     .   (no gloves)
MR       ++...                  (no boots)
Stlth    +.........             (no amulet)
HPRegen  1.16/turn              e - +2 ring of strength
MPRegen  0.10/turn              j - ring of positive energy

@: lethally poisoned (-1 -> -1), regenerating, slowed, very slow
A: hooves 1, yellow scales 1
a: Berserk, Trog's Hand, Burn Spellbooks, Renounce Religion


You were on level 4 of the Dungeon.
You worshipped Trog.
Trog was pleased with you.
You were not hungry.

You visited 1 branch of the dungeon, and saw 4 of its levels.

You collected 172 gold pieces.

Inventory:

Hand Weapons
 a - a +0 falchion (weapon)
Armour
 s - a +0 ring mail (worn)
Jewellery
 e - a +2 ring of strength (left hand)
 j - a ring of positive energy (right hand)
Scrolls
 b - a scroll of noise {unknown}
 d - 3 scrolls of remove curse {unknown}
 h - 3 scrolls of teleportation {unknown}
 i - a scroll of fog {unknown}
 k - 2 scrolls of immolation {unknown}
 m - 4 scrolls of identify {unknown}
Potions
 l - a potion of magic {unknown}
 n - a potion of heal wounds {unknown}
 p - a potion of degeneration {unknown}
 q - 2 potions of lignification {unknown}
 r - a potion of agility {unknown}
 u - a potion of might {unknown}
 v - 2 potions of ambrosia {unknown}
Comestibles
 c - 4 bread rations
 f - a meat ration
 g - 3 royal jellies
 o - 2 fruits
 t - 2 chunks of flesh


   Skills:
 + Level 4.0 Fighting
 * Level 4.5 Long Blades
 + Level 3.0 Armour
 + Level 3.0 Dodging


You had 5 spell levels left.
You didn't know any spells.

Dungeon Overview and Level Annotations

Branches:
Dungeon (4/15)
 Temple: D:4-7

Altars:
Fedhas
Nemelex Xobeh
Uskayaw


Innate Abilities, Weirdness & Mutations

You have large cloven feet.
You are partially covered in yellow scales. (AC +2)


Message History

You miss the hornet.
The hornet stings you but does no damage.
The hornet stings you.
You suddenly lose the ability to move!
The hornet stings you!
You are poisoned.
You feel yourself slow down.
You feel sick. The hornet stings you!
You are more poisoned.
You feel as though you will be slow longer.
The hornet stings you but does no damage.
You can move again.
You hit the hornet but do no damage.
You feel sick. The hornet stings you!
* * * LOW HITPOINT WARNING * * *
You feel as though you will be slow longer.
The hornet completely misses you.
Some of the chunks of flesh in your inventory have rotted away.
You closely miss the hornet. Your kick misses the hornet.
You feel very sick. The hornet stings you!
You die...

##.# #.# ## #.<#
#########.# .. #.##
#.........# #. #.#
#.######### #.# #.#
#(# #.#
#.#####.###########
#........##.y......
#######..##@#
#..##.# #..##.#
########..##.#####
#.......(........#
#.######..##.###.##
#..##.##...# .
#..##.##...### #
#...#........#.#


You could see a hornet.

Vanquished Creatures
  An ogre (D:4)
  A scorpion (D:4)
  An orc priest (D:3)
  A worker ant (D:3)
  2 adders (D:4)
  2 oozes
  5 dart slugs
  4 leopard geckos
  3 orcs (D:3)
  3 giant cockroaches
  7 goblins
  4 hobgoblins (D:1)
  2 jackals (D:2)
  6 quokkas
  2 ball pythons
  8 bats
  A frilled lizard (D:2)
  A jackal skeleton (D:4)
  4 kobolds
  A leopard gecko skeleton (D:4)
  13 rats
72 creatures vanquished.

Notes
Turn   | Place    | Note
-------+----------+-------------------------------------------
     0 | D:1      | tof the Demonspawn Berserker began the quest for the Orb.
     0 | D:1      | Reached XP level 1. HP: 18/18 MP: 1/1
    56 | D:1      | Gained mutation: You are partially covered in yellow scales. (AC +2) [demonic ancestry]
    56 | D:1      | Reached XP level 2. HP: 23/24 MP: 2/2
   493 | D:1      | Gained mutation: You have large cloven feet. [demonic ancestry]
   493 | D:1      | Reached XP level 3. HP: 28/29 MP: 3/3
   754 | D:1      | Reached ** piety under Trog
   885 | D:2      | Found a blossoming altar of Fedhas.
  1364 | D:3      | Found a hide-covered altar of Uskayaw.
  1470 | D:3      | Reached XP level 4. HP: 18/35 MP: 4/4
  1802 | D:3      | Found a sparkling altar of Nemelex Xobeh.
  2668 | D:4      | Reached XP level 5. HP: 39/42 MP: 5/5
  2746 | D:4      | Noticed an ogre
  2753 | D:4      | Killed an ogre
  2753 | D:4      | Reached XP level 6. HP: 47/48 MP: 6/6
  2988 | D:4      | Noticed a hornet
  2990 | D:4      | Paralysed by a hornet for 3 turns
  2994 | D:4      | Slain by a hornet

Vault maps used:
D:1:      saegor_arrival_simple_d, minmay_misc_feat_alley
D:2:      first_bread, fedhas_altar_3
D:3:      eat_drink_and_be_merry_uskayaw, nemelex_altar_shiori
D:4:      yredelemnul_altar_generic, nicolae_ru_the_path_less_chosen

Skill      XL: |  1  2  3  4  5  6 |
---------------+-------------------+-----
Long Blades    | 3 4 |  4.5
Armour         | 2 3 |  3.0
Dodging        | 2 3 |  3.0
Fighting       | 4 |  4.0

Action                   |  1- 3 |  4- 6 || total
-------------------------+-------+-------++-------
Melee: Falchion          |   100 |    72 ||   172
       Kick              |    20 |    20 ||    40
Invok: Trog's Hand       |       |     2 ||     2
       Berserk           |       |     1 ||     1
  Use: Potion            |     1 |       ||     1
 Stab: Sleeping          |     2 |     1 ||     3
  Eat: Chunk             |     2 |     6 ||     8
Armor: Animal skin       |    27 |     7 ||    34
       Leather armour    |       |     8 ||     8
       Ring mail         |       |    12 ||    12
Dodge: Dodged            |    70 |    50 ||   120
       Rpst.: Falchion   |    19 |    17 ||    36

Table legend:
 A = Spawn XP
 B = Non-spawn XP
 C = Spawn XP percentage of total XP
 D = Spawn monster count
 E = Non-spawn monster count
 F = Spawn count percentage of total count
 G = Total turns spent on level
                    A         B        C        D         E        F      G
               +---------+---------+-------+---------+---------+-------+---------
         Total |       0 |     424 |   0.0 |       0 |      72 |   0.0 |  2994
               +---------+---------+-------+---------+---------+-------+---------
           D:1 |       0 |      48 |   0.0 |       0 |      25 |   0.0 |   797
           D:2 |       0 |      32 |   0.0 |       0 |      16 |   0.0 |   529
           D:3 |       0 |     111 |   0.0 |       0 |      20 |   0.0 |  1312
           D:4 |       0 |     233 |   0.0 |       0 |      11 |   0.0 |   356
               +---------+---------+-------+---------+---------+-------+---------
